 Dungeon Crawl Stone Soup version 0.27-a0-328-g7f782ed93a (webtiles) character file.

Game seed: 14017768873859961666

4 CurlyBrace the Caller (level 1, -1/8 HPs)
             Began as a Felid Summoner on Feb 11, 2021.
             Slain by an adder (4 damage)
             ... on level 2 of the Dungeon.
             The game lasted 00:01:54 (156 turns).

CurlyBrace the Caller (Felid Summoner)               Turns: 156, Time: 00:01:55

Health: -1/8       AC:  1    Str:  4    XL:     1   Next: 58%
Magic:  1/4        EV: 18    Int: 16    God:
Gold:   20         SH:  0    Dex: 16    Spells: 3/4 levels left
                                        Lives:  0   Deaths: 0

rFire    . . .     SeeInvis +   (weapon unavailable)
rCold    . . .     Faith    .   (shield unavailable)
rNeg     . . .     Spirit   .   (armour unavailable)
rPois    .         Reflect  .   (helmet unavailable)
rElec    .         Harm     .   (cloak unavailable)
rCorr    .         Rampage  .   (gloves unavailable)
Will     .....                  (boots unavailable)
Stlth    +++.......             (no amulet)
HPRegen  0.02/turn              (no ring)
MPRegen  0.09/turn              (no ring)

@: lethally poisoned (-1 -> -8), quick
A: very small, no armour, no weapons or thrown items, stealth, claws 1, fangs 3,
see invisible, speed 1, shaggy fur 1, sharp paws
a: no special abilities


You were on level 2 of the Dungeon.
You visited 1 branch of the dungeon, and saw 4 of its levels.

You collected 20 gold pieces.

Inventory:

Scrolls
 a - a scroll of fear {unknown}


   Skills:
 * Level 0.5 Fighting
 + Level 2.7 Dodging
 + Level 2.8 Stealth
 * Level 0.4 Unarmed Combat
 - Level 2.0 Spellcasting
 - Level 4.0 Summonings


You had 3 spell levels left.
You knew the following spells:

 Your Spells              Type           Power        Failure   Level
a - Summon Small Mammal   Summ           56%          4%          1

Your spell library contained the following spells:

 Spells                   Type           Power        Failure   Level
 Call Imp                 Summ           14%          6%          2
 Call Canine Familiar     Summ           14%          12%         3
 Summon Guardian Golem    Hex/Summ       8%           26%         3
 Summon Ice Beast         Ice/Summ       8%           65%         4
 Summon Lightning Spire   Summ/Air       8%           65%         4


Dungeon Overview and Level Annotations

Branches:
Dungeon (4/15)
 Temple: D:4-7

Altars:
Nemelex Xobeh


Innate Abilities, Weirdness & Mutations

You cannot wear armour.
You are incapable of wielding weapons or throwing items.
Your paws allow you to move quietly. (Stealth)
You have sharp claws.
You have razor-sharp teeth.
You have supernaturally acute eyesight. (SInv)
You cover ground quickly.
You are covered in fur. (AC +1)
Your sharp claws are effective at attacking unaware monsters.


Message History

You feel sick.
Your bat hits the rat but does no damage.
The rat bites you but does no damage.
Your bat hits the rat.
The rat dies!
Your bat closely misses the adder.
The adder closely misses your bat.
You feel sick.
Your bat hits the adder. The adder bites your bat.
Your bat dies!
Your bat's corpse disappears in a puff of smoke!
The adder hisses angrily.
You see here a potion of curing.
You feel better.
Casting: Summon Small Mammal (safe; 4% risk of failure)
Confirm with . or Enter, or press ? or * to list all spells.
Casting: Summon Small Mammal (safe; 4% risk of failure)
Confirm with . or Enter, or press ? or * to list all spells.
You don't have enough magic to cast this spell.
Unknown command.
Unknown command.
You scratch the rat.
You kill the rat!
Unknown command.
You closely miss the adder.
The adder is severely wounded.
The adder bites you.
Ouch! That really hurt!
You are lethally poisoned!
The adder poisons you! The adder barely misses you.
Unknown command.
You barely miss the adder.
The adder is severely wounded.
You feel sick. The adder barely misses you.
Unknown command.
You closely miss the adder.
The adder is severely wounded.
The adder closely misses you.
You scratch the adder.
The adder is severely wounded.
The adder bites you.
Ouch! That really hurt!
You die...

#### ##...# ##.....##
#.......# #########
#.......# #.......#
#...)...#####.......## #
##[$....S...............
#......@#####.>.....###.
#......b...†........##..
#.......####......<.##.#
##.....## #...........
##...# ##......... ####
####...... ...... ###.##
.#


You could see an adder and a friendly bat (summoned).

Vanquished Creatures
  2 goblins (D:2)
  A bat (D:2)
  A rat (D:2)
4 creatures vanquished.

Vanquished Creatures (collateral kills)
  A rat (D:2)
1 creature vanquished.

Grand Total: 5 creatures vanquished

Notes
Turn   | Place    | Note
-------+----------+-------------------------------------------
     0 | D:1      | CurlyBrace the Felid Summoner began the quest for the Orb.
     0 | D:1      | Reached XP level 1. HP: 7/7 MP: 4/4
    48 | D:2      | Found a sparkling altar of Nemelex Xobeh.
   156 | D:2      | Slain by an adder

Illustrated notes

Levels and vault maps discovered:
D:1:      dpeg_arrival_renting, layout_basic
D:2:      layout_rooms, nemelex_altar_shiori, general_overflow_altar
D:3:      layout_basic
D:4:      layout_cave_pods, grunt_temple_overflow_growth_and_decay,
          grunt_gozag_breadcrumbs, minmay_temple_entry_statues_fountains,
          gammafunk_ghost_stat_death, uniq_sigmund, uniq_robin, uniq_duvessa

Action                   || total
-------------------------++-------
Melee: Unarmed           ||    14
 Cast: Summon Small Mamm ||     5
  Use: Potion            ||     3
 Stab: Sleeping          ||     1
Armor: Skin              ||     3
Dodge: Dodged            ||    15

Table legend: (Time is in decaauts)
 A = Elapsed time spent in this place.
 B = Non-inter-level travel time spent in this place.
 C = Inter-level travel time spent in this place.
 D = Time resting spent in this place.
 E = Time spent auto-exploring this place.
 F = Levels seen in this place.
 G = Mean time per level.
                   A        B        C        D        E       F      G
               +--------+--------+--------+--------+--------+-----+--------+
         Total |    123 |    123 |      0 |      0 |      0 |   4 |   30.8 |
       Dungeon |    123 |    123 |      0 |      0 |      0 |   4 |   30.8 |
               +--------+--------+--------+--------+--------+-----+--------+

Top non-repeatable levels by time:
     D:2: 84 daAuts
     D:1: 17 daAuts
     D:4: 12 daAuts
     D:3: 9 daAuts
